 Dungeon Crawl Stone Soup version 0.30-a0-172-gc5509c9e31 (webtiles) character file.

Game seed: 5776685171278701822

65 qw the Chopper (level 4, -1/28 HPs)
             Began as a Gargoyle Fighter on Oct 1, 2022.
             Slain by a water moccasin (4 damage)
             ... on level 3 of the Dungeon.
             The game lasted 00:00:47 (1703 turns).

qw the Chopper (Gargoyle Fighter)                   Turns: 1703, Time: 00:00:47

Health: -1/28      AC: 11    Str: 28    XL:     4   Next: 13%
Magic:  4/4        EV:  9    Int:  8    God:
Gold:   48         SH:  4    Dex:  9    Spells: 3/3 levels left

rFire   . . .      SeeInvis .    Y - +0 war axe (protect)
rCold   . . .      Faith    .    c - +0 buckler
rNeg    + . .      Spirit   .    b - +0 scale mail
rPois   inf        Reflect  .    (no helmet)
rElec   +          Harm     .    f - +0 cloak
rCorr   .          Rampage  .    (no gloves)
Will    .....                    (no boots)
Stlth   ..........               (no amulet)
HPRegen 0.24/turn                e - +6 ring of strength
MPRegen 0.09/turn                (no ring)

@: no status effects
A: sickness immunity, AC +3, negative energy resistance 1, electricity
resistance, torment resistance 1, petrification resistance
a: no special abilities


You were on level 3 of the Dungeon.
You visited 1 branch of the dungeon, and saw 3 of its levels.

You collected 48 gold pieces.


Innate Abilities, Weirdness & Mutations

You are immune to sickness and miasma.
Your stone body is resilient. (AC +3)
You are immune to poison.
You resist negative energy. (rN+)
You are resistant to electric shocks. (rElec)
You are resistant to unholy torment.
You are immune to petrification.


   Skills:
 - Level 3.2 Fighting
 + Level 3.9 Axes
 - Level 3.2 Armour
 - Level 3.2 Shields


You had 3 spell levels left.
You didn't know any spells.
Your spell library was empty.

Inventory:

Hand Weapons
 i - a +0 whip
 Y - a +0 war axe of protection (weapon)
Armour
 b - a +0 scale mail (worn)
 c - a +0 buckler (worn)
 f - a +0 cloak (worn)
Jewellery
 e - a +6 ring of strength (left hand)
Potions
 d - 2 potions of might
 g - a potion of curing {unknown}
 h - a potion of attraction {unknown}

Dungeon Overview and Level Annotations

Branches:
Dungeon (3/15)

Altars:
The Shining One


Message History

The water moccasin is severely wounded.
The water moccasin bites you but does no damage.
The water moccasin closely misses you.
You closely miss the water moccasin.
The water moccasin is heavily wounded.
You block the water moccasin's attack.
The water moccasin bites you but does no damage.
You closely miss the water moccasin.
The water moccasin is heavily wounded.
The water moccasin bites you but does no damage.
You closely miss the water moccasin.
The water moccasin is heavily wounded.
The water moccasin barely misses you.
The water moccasin bites you but does no damage.
You hit the water moccasin.
Your weapon exudes an aura of protection.
The water moccasin is heavily wounded.
The water moccasin bites you!
The water moccasin bites you but does no damage.
You barely miss the water moccasin.
The water moccasin is heavily wounded.
The water moccasin bites you but does no damage.
The water moccasin barely misses you.
You closely miss the water moccasin.
The water moccasin is heavily wounded.
The water moccasin bites you! The water moccasin barely misses you.
You barely miss the water moccasin.
The water moccasin is heavily wounded.
You block the water moccasin's attack.
The water moccasin bites you but does no damage.
You barely miss the water moccasin.
The water moccasin is heavily wounded.
The water moccasin barely misses you. The water moccasin bites you.
You closely miss the water moccasin.
The water moccasin is heavily wounded.
You block the water moccasin's attack. The water moccasin bites you.
You closely miss the water moccasin.
The water moccasin is heavily wounded.
The water moccasin bites you.
You die...

.... #.. #.. #..
... #.# ..o. #.# #
. ... # #S# . #.#
.o# #. #@#
#.#.#.#.#.##. #.#
.<....#.#....
#.####.....#.#####
#........#........
###............)..
###.#########.####
#...#<............
#.###......#####..
#.# #......# ##.


You could see a water moccasin.

Vanquished Creatures
  A worm (D:2)
  2 dart slugs
  An orc (D:3)
  6 bats
  4 endoplasms
  8 goblins
  5 hobgoblins
  5 jackals
  2 quokkas (D:1)
  5 ball pythons
  2 frilled lizards
  3 kobolds
  6 rats
50 creatures vanquished.

Vanquished Creatures (others)
  A fungus (D:2)
  3 plants (D:2)
4 creatures vanquished.

Grand Total: 54 creatures vanquished

Notes
Turn   | Place    | Note
-------+----------+-------------------------------------------
     0 | D:1      | qw the Gargoyle Fighter began the quest for the Orb.
     0 | D:1      | Reached XP level 1. HP: 14/14 MP: 1/1
     0 | D:1      | 0 ||| qw: Version: 0.2-a-13-gfc7b4b4
     0 | D:1      | 0 ||| qw: Game counter: 1773
     0 | D:1      | 0 ||| qw: Always use a shield: true
     0 | D:1      | 0 ||| qw: God list: Okawaru
     0 | D:1      | 0 ||| qw: Allow faded altars: false
     0 | D:1      | 0 ||| qw: Do Orc after D:15 true
     0 | D:1      | 0 ||| qw: Do second Lair branch before Depths: true
     0 | D:1      | 0 ||| qw: Lair rune preference: random
     0 | D:1      | 0 ||| qw: Plans: Normal, Zot:1-4, God:TSO, Crypt, Tomb,
                  | Pan, Slime:5, Hells, Abyss, Orb
     0 | D:1      | 0 ||| PLANNING D:1-11
   110 | D:1      | Reached XP level 2. HP: 16/19 MP: 2/2
   154 | D:1      | 154 ||| Stepping ~*~*~tactically~*~*~ (hiding).
   347 | D:1      | 347 ||| Stepping ~*~*~tactically~*~*~ (stealth).
   351 | D:1      | Reached skill level 3 in Axes
   354 | D:1      | Reached XP level 3. HP: 22/23 MP: 3/3
   362 | D:1      | 362 ||| Stepping ~*~*~tactically~*~*~ (stealth).
   438 | D:1      | 438 ||| DROPPING +0 club.
   698 | D:1      | 698 ||| READING scroll labelled FOTYKUGIOTZ.
   699 | D:1      | 699 ||| READING scroll labelled YNUG HOAVVI.
   700 | D:1      | 700 ||| READING scroll labelled YMINTI SOUSM.
   705 | D:1      | 705 ||| DRINKING 2 purple potions.
   806 | D:1      | 806 ||| DROPPING potion of ambrosia.
   908 | D:2      | 908 ||| Stepping ~*~*~tactically~*~*~ (stealth).
   922 | D:2      | 922 ||| Stepping ~*~*~tactically~*~*~ (stealth).
  1425 | D:2      | 1425 ||| Stepping ~*~*~tactically~*~*~ (water).
  1439 | D:2      | Found a faded altar of an unknown god.
  1445 | D:2      | 1445 ||| UPGRADING to +0 cloak.
  1450 | D:2      | 1450 ||| UPGRADING to +6 ring of strength.
  1451 | D:2      | 1451 ||| READING scroll labelled UNNESASONE.
  1452 | D:2      | 1452 ||| READING scroll labelled JEABAT MUOL.
  1514 | D:3      | 1514 ||| STAIRDANCE
  1517 | D:2      | Reached XP level 4. HP: 28/28 MP: 4/4
  1519 | D:3      | 1519 ||| STAIRDANCE
  1544 | D:3      | 1544 ||| Stepping ~*~*~tactically~*~*~ (stealth).
  1545 | D:3      | 1545 ||| Stepping ~*~*~tactically~*~*~ (stealth).
  1568 | D:3      | Found a glowing golden altar of the Shining One.
  1677 | D:3      | Noticed a water moccasin
  1699 | D:3      | HP: 6/28 [water moccasin (7)]
  1703 | D:3      | Slain by a water moccasin

Levels and vault maps discovered:
D:1:      minmay_arrival_four_houses, layout_basic, minmay_tromino_v7
D:2:      layout_basic, shapermc_ecumenical_altar_hornbeckon
D:3:      layout_basic, lemuel_doored_altar, uniq_robin

Skill      XL: |  1  2 |
---------------+-------+-----
Axes           | 2 3 |  3.9
Fighting       | |  3.2
Armour         | |  3.2
Shields        | |  3.2

Action                   |  1- 3 |  4- 6 || total
-------------------------+-------+-------++-------
Melee: War axe           |   117 |    38 ||   155
  Use: Scroll            |     5 |       ||     5
       Potion            |     1 |       ||     1
Armor: Scale mail        |    65 |    29 ||    94
Dodge: Dodged            |    41 |    26 ||    67
Block: Buckler           |    29 |     8 ||    37

Table legend:
 A = Non-vault XP
 B = Vault XP
 C = Vault XP percentage of total XP
 D = Non-vault monster count
 E = Vault monster count
 F = Vault count percentage of total count
                 A         B        C        D         E       F
            +---------+---------+-------+---------+---------+-------
      Total |      87 |       6 |   6.5 |      46 |       4 |   8.0
            +---------+---------+-------+---------+---------+-------
        D:1 |      46 |       6 |  11.5 |      26 |       4 |  13.3
        D:2 |      35 |       0 |   0.0 |      16 |       0 |   0.0
        D:3 |       6 |       0 |   0.0 |       4 |       0 |   0.0
            +---------+---------+-------+---------+---------+-------
